Kings vs Avalanche

Created - February-06-15 at 17:35

Goals
1 2 3 OT1 SO T
Kings 1 0 0 0 2 2
Avalanche 0 0 1 0 1 1
Shots
1 2 3 OT1 SO T
Kings 14 7 14 2 8 37
Avalanche 18 8 11 1 8 38

1st period

1. Kings , Kris Letang 21 (Brian Gionta, Mikhail Grabovski) at 10:03

Penalties :
Robyn Regehr (LOS) for Tripping (Minor) at 0:33, Kris Letang (LOS) for Hooking (Minor) at 11:04, Ryane Clowe (COL) for High sticking (Minor) at 16:06, Robyn Regehr (LOS) for Slashing (Minor) at 16:06

2nd period

No Goal

Penalties :
Tyler Myers (LOS) for High sticking (Minor) at 1:35, Kevin Shattenkirk (COL) for Diving (Minor) at 14:58

3rd period

2. Avalanche , Marcel Goc 3 (Kevin Shattenkirk) at 13:29

Penalties :
Christopher Higgins (COL) for Hooking (Minor) at 8:42, Brian Gionta (LOS) for Boarding (Minor) at 14:01, Victor Bartley (COL) for Holding (Minor) at 16:13, Kevin Shattenkirk (COL) for Hooking (Minor) at 19:28, Dustin Penner (LOS) for Roughing (Double Minor) at 19:28

Overtime #1

No Goal

Penalties :
No Penalty

Shootout

Penalty Shot by Sean Monahan for Kings - Stopped by Mike Smith
Penalty Shot by Derek Stepan for Avalanche - Stopped by Steve Mason
Penalty Shot by Mikael Granlund for Kings - Stopped by Mike Smith
Penalty Shot by Cody Hodgson for Avalanche - Shot Misses the Net
Penalty Shot by Patrick Marleau for Kings - Stopped by Mike Smith
Penalty Shot by Scottie Upshall for Avalanche - Shot Misses the Net
Penalty Shot by Colin Wilson for Kings - Goal!
Penalty Shot by Christopher Higgins for Avalanche - Goal!
Penalty Shot by Ryan Nugent-Hopkins for Kings - Shot Misses the Net
Penalty Shot by Ryane Clowe for Avalanche - Stopped by Steve Mason
Penalty Shot by Mikhail Grabovski for Kings - Stopped by Mike Smith
Penalty Shot by Vincent Lecavalier for Avalanche - Shot Misses the Net
Penalty Shot by Brian Gionta for Kings - Shot Misses the Net
Penalty Shot by Kevin Shattenkirk for Avalanche - Shot Misses the Net
Penalty Shot by Colton Sceviour for Kings - Goal!
Penalty Shot by Tyson Barrie for Avalanche - Stopped by Steve Mason

Penalties :
No Penalty

Goalie Stats

Steve Mason (LOS), 37 saves from 38 shots - (0.974), W, 24-14-3, 65:00 minutes
Mike Smith (COL), 36 saves from 37 shots - (0.973), OTL, 21-18-3, 65:00 minutes

Players Stats for Kings

Player Name              G  A  P  +/- PIM S  H  SB GA TA FO     MP     PP MP  PK MP  
------------------------------------------------------------------------------------
Brian Gionta             0  1  1   0  2   1  0  0  0  0  1/2    11:03   0:00   0:00 
Colin Wilson             0  0  0   0  0   1  2  0  0  0  0/1    17:52   2:43   0:00 
Colton Sceviour          0  0  0   0  0   4  0  0  0  0  0/0    19:20   3:31   0:40 
Dennis Seidenberg        0  0  0   1  0   1  2  3  0  0  0/0    25:57   0:00   5:29 
Deryk Engelland          0  0  0   0  0   0  0  0  0  0  0/0     0:00   0:00   0:00 
Dustin Penner            0  0  0   0  4   0  3  0  0  0  0/0    11:03   0:00   0:00 
J.T. Brown               0  0  0   0  0   0  0  0  0  0  0/1     4:20   0:27   0:00 
Jamie McBain             0  0  0   0  0   1  0  0  0  0  0/0    14:37   1:47   0:40 
Kris Letang              1  0  1   1  2   5  0  2  0  0  0/0    27:30   4:52   3:42 
Michal Handzus           0  0  0   0  0   0  0  0  0  0  8/18   10:40   0:00   6:47 
Mikael Granlund          0  0  0   0  0   1  0  1  0  0  9/26   18:39   2:43   0:00 
Mikhail Grabovski        0  1  1   0  0   1  0  0  0  0  7/22   13:20   0:00   2:16 
Patrick Marleau          0  0  0   0  0   8  3  0  0  0  1/1    32:10   4:10   5:53 
Robyn Regehr             0  0  0   0  4   1  1  1  0  0  0/0    13:21   0:00   1:13 
Ryan Nugent-Hopkins      0  0  0   0  0   10 1  0  0  0  16/33  21:28   3:14   0:00 
Sean Monahan             0  0  0   0  0   3  0  0  0  0  2/2    21:47   5:13   2:16 
Tobias Enstrom           0  0  0  -1  0   0  2  1  0  0  0/0    24:45   1:05   5:40 
Tyler Myers              0  0  0  -1  2   0  3  0  0  0  0/0    19:36   0:00   3:08 

Players Stats for Avalanche

Player Name              G  A  P  +/- PIM S  H  SB GA TA FO     MP     PP MP  PK MP  
------------------------------------------------------------------------------------
Christopher Higgins      0  0  0   0  2   2  1  0  0  0  3/4    22:50   2:59   3:23 
Cody Hodgson             0  0  0   0  0   7  1  0  0  0  1/4    21:26   4:57   0:00 
Colby Robak              0  0  0   0  0   1  0  1  0  0  0/0    19:24   0:00   3:25 
Corban Knight            0  0  0   1  0   0  0  0  0  0  0/0     3:55   0:00   0:00 
Derek Stepan             0  0  0  -1  0   3  0  0  0  0  26/38  25:57   4:57   0:58 
John Persson             0  0  0   1  0   1  0  0  0  0  0/0     5:42   0:00   1:36 
Keith Yandle             0  0  0   0  0   5  1  0  0  0  0/0    27:14   4:42   0:55 
Kevin Shattenkirk        0  1  1   0  4   2  3  0  0  0  0/0    25:21   4:42   2:11 
Marcel Goc               1  0  1   1  0   1  0  0  0  0  13/22   9:17   0:00   5:22 
Markus Granlund          0  0  0   0  0   2  0  0  0  0  7/11   10:30   0:00   0:00 
Quinton Howden           0  0  0   0  0   0  0  0  0  0  0/2    11:05   0:00   0:35 
Riley Sheahan            0  0  0   0  0   4  0  0  0  0  11/22  16:31   2:59   0:00 
Ryane Clowe              0  0  0  -1  2   1  2  0  0  0  1/2    18:49   2:59   0:00 
Sami Vatanen             0  0  0   0  0   1  2  1  0  0  0/0    20:07   3:14   2:51 
Scottie Upshall          0  0  0   0  0   0  1  0  0  0  0/0    10:30   0:00   0:00 
Tyson Barrie             0  0  0   0  0   6  0  4  0  0  0/0    22:01   3:14   2:32 
Victor Bartley           0  0  0   0  2   1  2  0  0  0  0/0    15:50   0:00   0:00 
Vincent Lecavalier       0  0  0  -1  0   1  3  0  0  0  0/1    24:59   4:57   0:00 

3 Stars

1 - Steve Mason (LOS)
2 - Mike Smith (COL)
3 - Marcel Goc (COL)

Power Play

Kings - 0 on 3 Attempt(s) - 0.00%
Avalanche - 0 on 5 Attempt(s) - 0.00%

Penalty Kill

Kings - 5 on 5 Attempt(s) - 100.00% - Score 0 goal in Penalty Kill
Avalanche - 3 on 3 Attempt(s) - 100.00% - Score 0 goal in Penalty Kill

Team Stat

Kings - Hits : 17 - Faceoff Wins : 44 - Blocked Shots : 8 - Penalty Minutes : 14
Avalanche - Hits : 16 - Faceoff Wins : 62 - Blocked Shots : 6 - Penalty Minutes : 10

Official

Referees : Wes McCauley and Jean Hebert
Linesman : John Grandt and Brian Murphy

Game Notes

No Game Note

Finance

Level 1 -- Attendance: 5627 (86.57%) -- Ticket Income $573,954
Level 2 -- Attendance: 4925 (98.50%) -- Ticket Income $369,375
Level 3 -- Attendance: 3400 (97.14%) -- Ticket Income $187,000
Level 4 -- Attendance: 2007 (100.00%) -- Ticket Income $90,315
Luxury Box -- Attendance: 906 (90.60%) -- Ticket Income $181,200
Game was played at the Pepsi Center'
Total Attendance: 16865 (93.66%)
Total Ticket Income: $1,401,844
Other Income: $210,277
Total Income: $1,612,121

% Time on Ice - Kings

Lines # - Real PCT - Wanted PCT - Time Play
Normal Forward
1 - 31% - 40% - 13:31
2 - 35% - 30% - 15:09
3 - 25% - 20% - 11:04
4 - 9% - 10% - 3:53
Normal Defense
1 - 37% - 40% - 16:02
2 - 32% - 30% - 13:54
3 - 28% - 20% - 12:10
4 - 3% - 10% - 1:31
PP Forward
1 - 54% - 60% - 3:14
2 - 46% - 40% - 2:43
PP Defense
1 - 100% - 60% - 5:57
2 - 0% - 40% - 0:00
PK Forward
1 - 71% - 60% - 5:40
2 - 29% - 40% - 2:16
PK Defense
1 - 54% - 60% - 4:15
2 - 46% - 40% - 3:41
PK3 Forward
1 - 89% - 60% - 1:47
2 - 11% - 40% - 0:13
PK3 Defense
1 - 39% - 60% - 0:47
2 - 61% - 40% - 1:13
44 Forward
1 - 86% - 60% - 4:43
2 - 14% - 40% - 0:47
44 Defense
1 - 53% - 60% - 2:55
2 - 47% - 40% - 2:35
Last Minute Offensive  - 0:00
Last Minute Defensive  - 0:00
Total
Forward - 65:00
Defense - 65:00

% Time on Ice - Avalanche

Lines # - Real PCT - Wanted PCT - Time Play
Normal Forward
1 - 36% - 40% - 15:51
2 - 31% - 35% - 13:21
3 - 24% - 20% - 10:30
4 - 9% - 5% - 3:55
Normal Defense
1 - 38% - 40% - 16:23
2 - 31% - 30% - 13:26
3 - 30% - 20% - 13:10
4 - 1% - 10% - 0:38
PP Forward
1 - 62% - 60% - 4:57
2 - 38% - 40% - 2:59
PP Defense
1 - 59% - 60% - 4:42
2 - 41% - 40% - 3:14
PK Forward
1 - 90% - 60% - 5:22
2 - 10% - 40% - 0:35
PK Defense
1 - 57% - 60% - 3:25
2 - 43% - 40% - 2:32
PK3 Forward
1 - 0% - 60%
2 - 0% - 40%
PK3 Defense
1 - 0% - 60%
2 - 0% - 40%
44 Forward
1 - 58% - 60% - 4:22
2 - 42% - 40% - 3:08
44 Defense
1 - 62% - 60% - 4:41
2 - 38% - 40% - 2:49
Last Minute Offensive  - 0:00
Last Minute Defensive  - 0:00
Total
Forward - 65:00
Defense - 65:00

Play by Play

1st period


0:01 of 1st period - Ryan Nugent-Hopkins wins face-off versus Derek Stepan in neutral zone.
0:14 of 1st period - Shot by Patrick Marleau.
0:14 of 1st period - Stopped by Mike Smith without a rebound.
0:15 of 1st period - Mikael Granlund wins face-off versus Riley Sheahan in Avalanche zone.
0:16 of 1st period - Shot by Colton Sceviour.
0:16 of 1st period - Stopped by Mike Smith without a rebound.
0:17 of 1st period - Mikhail Grabovski wins face-off versus Riley Sheahan in Avalanche zone.
0:32 of 1st period - Shot by Christopher Higgins.
0:32 of 1st period - Shot Misses the Net.
0:33 of 1st period - Minor Penalty to Robyn Regehr for Tripping.
0:34 of 1st period - Michal Handzus wins face-off versus Cody Hodgson in Kings zone.
0:58 of 1st period - Shot by Keith Yandle.
0:58 of 1st period - Shot Misses the Net.
1:04 of 1st period - Shot by Cody Hodgson.
1:04 of 1st period - Stopped by Steve Mason with a rebound.
1:06 of 1st period - Shot by Keith Yandle.
1:06 of 1st period - Shot Misses the Net.
1:08 of 1st period - Shot by Cody Hodgson.
1:08 of 1st period - Deflect By Derek Stepan.
1:08 of 1st period - Stopped by Steve Mason without a rebound.
1:09 of 1st period - Riley Sheahan wins face-off versus Michal Handzus in Kings zone.
1:32 of 1st period - Shot by Sami Vatanen.
1:32 of 1st period - Stopped by Steve Mason without a rebound.
1:33 of 1st period - Michal Handzus wins face-off versus Derek Stepan in Kings zone.
2:06 of 1st period - Shot by Keith Yandle.
2:06 of 1st period - Shot Misses the Net.
2:08 of 1st period - Shot by Keith Yandle.
2:08 of 1st period - Stopped by Steve Mason without a rebound.
2:09 of 1st period - Christopher Higgins wins face-off versus Michal Handzus in Kings zone.
2:49 of 1st period - Shot by Mikael Granlund.
2:49 of 1st period - Shot Misses the Net.
3:42 of 1st period - Shot by Ryan Nugent-Hopkins.
3:42 of 1st period - Stopped by Mike Smith with a rebound.
3:44 of 1st period - Shot by Patrick Marleau.
3:44 of 1st period - Shot Misses the Net.
3:46 of 1st period - Shot by Ryan Nugent-Hopkins.
3:46 of 1st period - Stopped by Mike Smith without a rebound.
3:47 of 1st period - Derek Stepan wins face-off versus Mikhail Grabovski in Avalanche zone.
4:15 of 1st period - Brian Gionta is hit by Vincent Lecavalier and loses puck.
4:32 of 1st period - Ryane Clowe is hit by Robyn Regehr and loses puck.
4:58 of 1st period - Off-side.
4:59 of 1st period - Riley Sheahan wins face-off versus Mikael Granlund in neutral zone.
5:04 of 1st period - Shot by Riley Sheahan.
5:04 of 1st period - Stopped by Steve Mason without a rebound.
5:05 of 1st period - Ryan Nugent-Hopkins wins face-off versus Riley Sheahan in Kings zone.
5:18 of 1st period - Shot by Riley Sheahan.
5:18 of 1st period - Shot Misses the Net.
5:20 of 1st period - Shot by Christopher Higgins.
5:20 of 1st period - Shot Misses the Net.
5:22 of 1st period - Shot by Christopher Higgins.
5:22 of 1st period - Stopped by Steve Mason with a rebound.
5:24 of 1st period - Shot by Tyson Barrie.
5:24 of 1st period - Shot Blocked by Dennis Seidenberg.
5:26 of 1st period - Shot by Riley Sheahan.
5:26 of 1st period - Stopped by Steve Mason without a rebound.
5:27 of 1st period - Marcel Goc wins face-off versus Mikael Granlund in Kings zone.
5:34 of 1st period - Shot by Marcel Goc.
5:34 of 1st period - Shot Misses the Net.
6:17 of 1st period - Icing by Tobias Enstrom.
6:18 of 1st period - Riley Sheahan wins face-off versus Mikael Granlund in Kings zone.
6:28 of 1st period - Icing by Tyler Myers.
6:29 of 1st period - Derek Stepan wins face-off versus Mikael Granlund in Kings zone.
6:29 of 1st period - Kevin Shattenkirk is hit by Tyler Myers and loses puck.
6:43 of 1st period - Shot by Vincent Lecavalier.
6:43 of 1st period - Shot Misses the Net.
6:45 of 1st period - Shot by Keith Yandle.
6:45 of 1st period - Stopped by Steve Mason with a rebound.
6:47 of 1st period - Shot by Keith Yandle.
6:47 of 1st period - Stopped by Steve Mason with a rebound.
6:49 of 1st period - Shot by Keith Yandle.
6:49 of 1st period - Stopped by Steve Mason without a rebound.
6:50 of 1st period - Ryan Nugent-Hopkins wins face-off versus Riley Sheahan in Kings zone.
6:50 of 1st period - Ryan Nugent-Hopkins is hit by Cody Hodgson.
7:28 of 1st period - Shot by Christopher Higgins.
7:28 of 1st period - Deflect By Cody Hodgson.
7:28 of 1st period - Stopped by Steve Mason without a rebound.
7:29 of 1st period - Ryane Clowe wins face-off versus Mikhail Grabovski in Kings zone.
7:30 of 1st period - Shot by Derek Stepan.
7:30 of 1st period - Shot Misses the Net.
7:44 of 1st period - Shot by Derek Stepan.
7:44 of 1st period - Stopped by Steve Mason without a rebound.
7:45 of 1st period - Michal Handzus wins face-off versus Quinton Howden in Kings zone.
7:54 of 1st period - Victor Bartley is hit by Patrick Marleau and loses puck.
8:44 of 1st period - Off-side.
8:45 of 1st period - Derek Stepan wins face-off versus Mikhail Grabovski in neutral zone.
8:48 of 1st period - Shot by Ryane Clowe.
8:48 of 1st period - Stopped by Steve Mason with a rebound.
8:56 of 1st period - Derek Stepan is hit by Dustin Penner and loses puck.
9:04 of 1st period - Icing by Keith Yandle.
9:05 of 1st period - Derek Stepan wins face-off versus Mikael Granlund in Avalanche zone.
9:20 of 1st period - Shot by Vincent Lecavalier.
9:20 of 1st period - Stopped by Steve Mason without a rebound.
9:21 of 1st period - Riley Sheahan wins face-off versus Ryan Nugent-Hopkins in Kings zone.
9:34 of 1st period - Shot by Ryan Nugent-Hopkins.
9:34 of 1st period - Shot Misses the Net.
9:36 of 1st period - Shot by Patrick Marleau.
9:36 of 1st period - Shot Misses the Net.
9:38 of 1st period - Shot by Ryan Nugent-Hopkins.
9:38 of 1st period - Stopped by Mike Smith without a rebound.
9:39 of 1st period - Derek Stepan wins face-off versus Brian Gionta in Avalanche zone.
9:39 of 1st period - Derek Stepan is hit by Dustin Penner.
10:01 of 1st period - Shot by Brian Gionta.
10:01 of 1st period - Shot Misses the Net.
10:03 of 1st period - Shot by Kris Letang.
10:03 of 1st period - Goal by Kris Letang - Kings : 1 - Avalanche : 0.
10:04 of 1st period - Ryan Nugent-Hopkins wins face-off versus Riley Sheahan in neutral zone.
10:27 of 1st period - Shot by Ryan Nugent-Hopkins.
10:27 of 1st period - Stopped by Mike Smith without a rebound.
10:28 of 1st period - Mikael Granlund wins face-off versus Derek Stepan in Avalanche zone.
10:35 of 1st period - Shot by Kris Letang.
10:35 of 1st period - Stopped by Mike Smith without a rebound.
10:36 of 1st period - Ryan Nugent-Hopkins wins face-off versus Derek Stepan in Avalanche zone.
11:04 of 1st period - Minor Penalty to Kris Letang for Hooking.
11:05 of 1st period - Riley Sheahan wins face-off versus Michal Handzus in Kings zone.
11:39 of 1st period - Shot by Sean Monahan.
11:39 of 1st period - Stopped by Mike Smith without a rebound.
11:40 of 1st period - Derek Stepan wins face-off versus Michal Handzus in Avalanche zone.
12:06 of 1st period - Shot by Kevin Shattenkirk.
12:06 of 1st period - Stopped by Steve Mason without a rebound.
12:07 of 1st period - Mikhail Grabovski wins face-off versus Riley Sheahan in Kings zone.
12:22 of 1st period - Shot by Tyson Barrie.
12:22 of 1st period - Stopped by Steve Mason without a rebound.
12:23 of 1st period - Michal Handzus wins face-off versus Derek Stepan in Kings zone.
12:28 of 1st period - Shot by Patrick Marleau.
12:28 of 1st period - Stopped by Mike Smith with a rebound.
13:33 of 1st period - Colin Wilson is hit by Scottie Upshall and loses puck.
13:44 of 1st period - Shot by Scottie Upshall.
13:44 of 1st period - Shot Misses the Net.
13:46 of 1st period - Shot by Tyson Barrie.
13:46 of 1st period - Stopped by Steve Mason without a rebound.
13:47 of 1st period - Marcel Goc wins face-off versus Mikhail Grabovski in Kings zone.
15:08 of 1st period - Shot by Ryan Nugent-Hopkins.
15:08 of 1st period - Stopped by Mike Smith with a rebound.
15:26 of 1st period - Shot by Ryan Nugent-Hopkins.
15:26 of 1st period - Shot Misses the Net.
15:28 of 1st period - Shot by Patrick Marleau.
15:28 of 1st period - Shot Misses the Net.
15:30 of 1st period - Shot by Patrick Marleau.
15:30 of 1st period - Stopped by Mike Smith without a rebound.
15:31 of 1st period - Derek Stepan wins face-off versus Mikael Granlund in Avalanche zone.
15:31 of 1st period - Derek Stepan is hit by Colin Wilson.
16:06 of 1st period - Minor Penalty to Ryane Clowe for High sticking.
16:06 of 1st period - Minor Penalty to Robyn Regehr for Slashing.
16:07 of 1st period - Derek Stepan wins face-off versus Ryan Nugent-Hopkins in Kings zone.
17:45 of 1st period - Shot by Sean Monahan.
17:45 of 1st period - Shot Blocked by Tyson Barrie.
17:47 of 1st period - Shot by Dennis Seidenberg.
17:47 of 1st period - Stopped by Mike Smith without a rebound.
17:48 of 1st period - Derek Stepan wins face-off versus Ryan Nugent-Hopkins in Avalanche zone.
18:09 of 1st period - Icing by Kevin Shattenkirk.
18:10 of 1st period - Mikhail Grabovski wins face-off versus Markus Granlund in Avalanche zone.
18:20 of 1st period - Dustin Penner is hit by Kevin Shattenkirk and loses puck.
18:24 of 1st period - Dustin Penner is hit by Keith Yandle and loses puck.
18:27 of 1st period - Shot by Robyn Regehr.
18:27 of 1st period - Stopped by Mike Smith without a rebound.
18:28 of 1st period - Mikael Granlund wins face-off versus Marcel Goc in Avalanche zone.
18:55 of 1st period - Shot by Marcel Goc.
18:55 of 1st period - Shot Misses the Net.
18:59 of 1st period - Shot by Victor Bartley.
18:59 of 1st period - Shot Misses the Net.
19:01 of 1st period - Shot by John Persson.
19:01 of 1st period - Stopped by Steve Mason with a rebound.
19:03 of 1st period - Shot by Victor Bartley.
19:03 of 1st period - Shot Blocked by Kris Letang.
Goals for this period are 1 for Kings vs 0 for Avalanche.
Shots for this period are 14 for Kings vs 18 for Avalanche.

2nd period


0:01 of 2nd period - Derek Stepan wins face-off versus Ryan Nugent-Hopkins in neutral zone.
0:14 of 2nd period - Shot by Dennis Seidenberg.
0:14 of 2nd period - Shot Misses the Net.
0:16 of 2nd period - Shot by Patrick Marleau.
0:16 of 2nd period - Shot Misses the Net.
0:26 of 2nd period - Shot by Patrick Marleau.
0:26 of 2nd period - Shot Misses the Net.
0:46 of 2nd period - Shot by Ryan Nugent-Hopkins.
0:46 of 2nd period - Shot Misses the Net.
1:34 of 2nd period - Shot by Cody Hodgson.
1:34 of 2nd period - Shot Blocked by Mikael Granlund.
1:35 of 2nd period - Minor Penalty to Tyler Myers for High sticking.
1:36 of 2nd period - Derek Stepan wins face-off versus Michal Handzus in Kings zone.
1:46 of 2nd period - Cody Hodgson is hit by Dennis Seidenberg and loses puck.
1:53 of 2nd period - Shot by Keith Yandle.
1:53 of 2nd period - Shot Misses the Net.
1:55 of 2nd period - Shot by Cody Hodgson.
1:55 of 2nd period - Stopped by Steve Mason without a rebound.
1:56 of 2nd period - Riley Sheahan wins face-off versus Michal Handzus in Kings zone.
2:09 of 2nd period - Shot by Riley Sheahan.
2:09 of 2nd period - Stopped by Steve Mason without a rebound.
2:10 of 2nd period - Riley Sheahan wins face-off versus Michal Handzus in Kings zone.
2:13 of 2nd period - Shot by Tyson Barrie.
2:13 of 2nd period - Stopped by Steve Mason without a rebound.
2:14 of 2nd period - Riley Sheahan wins face-off versus Michal Handzus in Kings zone.
2:45 of 2nd period - Shot by Kevin Shattenkirk.
2:45 of 2nd period - Stopped by Steve Mason without a rebound.
2:46 of 2nd period - Derek Stepan wins face-off versus Mikhail Grabovski in Kings zone.
3:27 of 2nd period - Shot by Tyson Barrie.
3:27 of 2nd period - Stopped by Steve Mason with a rebound.
4:24 of 2nd period - Icing by Markus Granlund.
4:25 of 2nd period - Mikhail Grabovski wins face-off versus Markus Granlund in Avalanche zone.
4:54 of 2nd period - Icing by Colby Robak.
4:55 of 2nd period - Ryan Nugent-Hopkins wins face-off versus Markus Granlund in Avalanche zone.
5:24 of 2nd period - Shot by Ryan Nugent-Hopkins.
5:24 of 2nd period - Stopped by Mike Smith without a rebound.
5:25 of 2nd period - Derek Stepan wins face-off versus Colin Wilson in Avalanche zone.
6:42 of 2nd period - Shot by Ryan Nugent-Hopkins.
6:42 of 2nd period - Stopped by Mike Smith without a rebound.
6:43 of 2nd period - Riley Sheahan wins face-off versus Mikhail Grabovski in Avalanche zone.
7:26 of 2nd period - Shot by Cody Hodgson.
7:26 of 2nd period - Stopped by Steve Mason without a rebound.
7:27 of 2nd period - Ryan Nugent-Hopkins wins face-off versus Marcel Goc in Kings zone.
7:36 of 2nd period - Shot by Kris Letang.
7:36 of 2nd period - Shot Misses the Net.
8:03 of 2nd period - Off-side.
8:04 of 2nd period - Markus Granlund wins face-off versus Mikael Granlund in neutral zone.
8:17 of 2nd period - Shot by Quinton Howden.
8:17 of 2nd period - Shot Blocked by Robyn Regehr.
8:24 of 2nd period - Icing by Robyn Regehr.
8:25 of 2nd period - Derek Stepan wins face-off versus Mikael Granlund in Kings zone.
10:20 of 2nd period - Icing by Kevin Shattenkirk.
10:21 of 2nd period - Cody Hodgson wins face-off versus Mikhail Grabovski in Avalanche zone.
10:21 of 2nd period - Keith Yandle is hit by Dustin Penner and loses puck.
10:48 of 2nd period - Shot by Brian Gionta.
10:48 of 2nd period - Stopped by Mike Smith without a rebound.
10:49 of 2nd period - Markus Granlund wins face-off versus Mikael Granlund in Avalanche zone.
11:31 of 2nd period - Shot by Colton Sceviour.
11:31 of 2nd period - Stopped by Mike Smith without a rebound.
11:32 of 2nd period - Derek Stepan wins face-off versus Ryan Nugent-Hopkins in Avalanche zone.
11:39 of 2nd period - Shot by Sami Vatanen.
11:39 of 2nd period - Shot Blocked by Dennis Seidenberg.
11:52 of 2nd period - Patrick Marleau is hit by Vincent Lecavalier and loses puck.
12:10 of 2nd period - Icing by Dennis Seidenberg.
12:11 of 2nd period - Sean Monahan wins face-off versus Riley Sheahan in Kings zone.
12:45 of 2nd period - Cody Hodgson is hit by Tobias Enstrom and loses puck.
12:54 of 2nd period - Shot by Cody Hodgson.
12:54 of 2nd period - Stopped by Steve Mason with a rebound.
13:55 of 2nd period - Off-side.
13:56 of 2nd period - Michal Handzus wins face-off versus Ryane Clowe in neutral zone.
14:55 of 2nd period - Icing by Keith Yandle.
14:56 of 2nd period - Mikael Granlund wins face-off versus Riley Sheahan in Avalanche zone.
14:58 of 2nd period - Minor Penalty to Kevin Shattenkirk for Diving.
14:59 of 2nd period - Marcel Goc wins face-off versus Ryan Nugent-Hopkins in Avalanche zone.
15:18 of 2nd period - Shot by Kris Letang.
15:18 of 2nd period - Shot Misses the Net.
15:20 of 2nd period - Shot by Kris Letang.
15:20 of 2nd period - Shot Blocked by Colby Robak.
15:22 of 2nd period - Shot by Kris Letang.
15:22 of 2nd period - Shot Misses the Net.
15:24 of 2nd period - Shot by Kris Letang.
15:24 of 2nd period - Deflect By Ryan Nugent-Hopkins.
15:24 of 2nd period - Shot Misses the Net.
15:26 of 2nd period - Shot by Kris Letang.
15:26 of 2nd period - Stopped by Mike Smith without a rebound.
15:27 of 2nd period - Marcel Goc wins face-off versus Mikael Granlund in Avalanche zone.
15:33 of 2nd period - Icing by Mikael Granlund.
15:34 of 2nd period - Christopher Higgins wins face-off versus Mikael Granlund in Kings zone.
16:10 of 2nd period - Shot by Tobias Enstrom.
16:10 of 2nd period - Shot Blocked by Sami Vatanen.
16:12 of 2nd period - Shot by Tobias Enstrom.
16:12 of 2nd period - Shot Blocked by Tyson Barrie.
16:14 of 2nd period - Shot by Sean Monahan.
16:14 of 2nd period - Stopped by Mike Smith without a rebound.
16:15 of 2nd period - Derek Stepan wins face-off versus J.T. Brown in Avalanche zone.
16:41 of 2nd period - Shot by Kris Letang.
16:41 of 2nd period - Stopped by Mike Smith without a rebound.
16:42 of 2nd period - Derek Stepan wins face-off versus Mikael Granlund in Avalanche zone.
16:50 of 2nd period - Off-side.
16:51 of 2nd period - Ryan Nugent-Hopkins wins face-off versus Marcel Goc in neutral zone.
16:53 of 2nd period - Off-side.
16:54 of 2nd period - Marcel Goc wins face-off versus Ryan Nugent-Hopkins in neutral zone.
17:14 of 2nd period - Kevin Shattenkirk is hit by Tobias Enstrom and loses puck.
17:29 of 2nd period - Shot by Derek Stepan.
17:29 of 2nd period - Stopped by Steve Mason with a rebound.
17:31 of 2nd period - Shot by Derek Stepan.
17:31 of 2nd period - Shot Misses the Net.
17:33 of 2nd period - Shot by Kevin Shattenkirk.
17:33 of 2nd period - Deflect By Derek Stepan.
17:33 of 2nd period - Shot Blocked by Dennis Seidenberg.
17:35 of 2nd period - Shot by Kevin Shattenkirk.
17:35 of 2nd period - Shot Blocked by Tobias Enstrom.
17:37 of 2nd period - Shot by Ryane Clowe.
17:37 of 2nd period - Deflect By Derek Stepan.
17:37 of 2nd period - Shot Misses the Net.
17:47 of 2nd period - Icing by Dennis Seidenberg.
17:48 of 2nd period - Mikhail Grabovski wins face-off versus Riley Sheahan in Kings zone.
18:05 of 2nd period - Shot by Ryan Nugent-Hopkins.
18:05 of 2nd period - Shot Misses the Net.
19:13 of 2nd period - Shot by Mikael Granlund.
19:13 of 2nd period - Shot Misses the Net.
19:42 of 2nd period - Icing by Dennis Seidenberg.
19:43 of 2nd period - Brian Gionta wins face-off versus Derek Stepan in Kings zone.
Goals for this period are 0 for Kings vs 0 for Avalanche.
Shots for this period are 7 for Kings vs 8 for Avalanche.

3rd period


0:01 of 3rd period - Ryan Nugent-Hopkins wins face-off versus Derek Stepan in neutral zone.
0:03 of 3rd period - Dennis Seidenberg is hit by Kevin Shattenkirk and loses puck.
0:37 of 3rd period - Icing by Kevin Shattenkirk.
0:38 of 3rd period - Mikael Granlund wins face-off versus Derek Stepan in Avalanche zone.
0:38 of 3rd period - Mikael Granlund is hit by Kevin Shattenkirk.
1:12 of 3rd period - Shot by Colton Sceviour.
1:12 of 3rd period - Stopped by Mike Smith without a rebound.
1:13 of 3rd period - Ryan Nugent-Hopkins wins face-off versus Markus Granlund in Avalanche zone.
1:22 of 3rd period - Shot by Patrick Marleau.
1:22 of 3rd period - Shot Misses the Net.
1:49 of 3rd period - Icing by Victor Bartley.
1:50 of 3rd period - Markus Granlund wins face-off versus Mikhail Grabovski in Avalanche zone.
1:57 of 3rd period - Shot by Markus Granlund.
1:57 of 3rd period - Stopped by Steve Mason without a rebound.
1:58 of 3rd period - Derek Stepan wins face-off versus Mikael Granlund in Kings zone.
2:16 of 3rd period - Derek Stepan is hit by Tyler Myers and loses puck.
3:31 of 3rd period - Shot by Ryan Nugent-Hopkins.
3:31 of 3rd period - Stopped by Mike Smith without a rebound.
3:32 of 3rd period - Markus Granlund wins face-off versus Mikhail Grabovski in Avalanche zone.
3:34 of 3rd period - Icing by Scottie Upshall.
3:35 of 3rd period - Markus Granlund wins face-off versus Mikhail Grabovski in Avalanche zone.
3:47 of 3rd period - Icing by Jamie McBain.
3:48 of 3rd period - Riley Sheahan wins face-off versus Mikhail Grabovski in Kings zone.
4:15 of 3rd period - Shot by Brian Gionta.
4:15 of 3rd period - Shot Misses the Net.
4:19 of 3rd period - Shot by Brian Gionta.
4:19 of 3rd period - Shot Misses the Net.
4:21 of 3rd period - Shot by Jamie McBain.
4:21 of 3rd period - Stopped by Mike Smith without a rebound.
4:22 of 3rd period - Derek Stepan wins face-off versus Ryan Nugent-Hopkins in Avalanche zone.
4:22 of 3rd period - Derek Stepan is hit by Patrick Marleau.
5:07 of 3rd period - Patrick Marleau is hit by Sami Vatanen and loses puck.
5:20 of 3rd period - Vincent Lecavalier is hit by Colin Wilson and loses puck.
5:57 of 3rd period - Shot by Mikael Granlund.
5:57 of 3rd period - Deflect By Colton Sceviour.
5:57 of 3rd period - Stopped by Mike Smith without a rebound.
5:58 of 3rd period - Markus Granlund wins face-off versus Mikhail Grabovski in Avalanche zone.
6:44 of 3rd period - Jamie McBain is hit by Victor Bartley and loses puck.
7:02 of 3rd period - Icing by Kris Letang.
7:03 of 3rd period - Riley Sheahan wins face-off versus Ryan Nugent-Hopkins in Kings zone.
7:04 of 3rd period - Shot by Cody Hodgson.
7:04 of 3rd period - Stopped by Steve Mason without a rebound.
7:05 of 3rd period - Ryan Nugent-Hopkins wins face-off versus Riley Sheahan in Kings zone.
7:22 of 3rd period - Shot by Riley Sheahan.
7:22 of 3rd period - Stopped by Steve Mason without a rebound.
7:23 of 3rd period - Derek Stepan wins face-off versus Mikael Granlund in Kings zone.
7:52 of 3rd period - Shot by Tyler Myers.
7:52 of 3rd period - Shot Misses the Net.
8:06 of 3rd period - Tobias Enstrom is hit by Ryane Clowe and loses puck.
8:42 of 3rd period - Minor Penalty to Christopher Higgins for Hooking.
8:43 of 3rd period - Ryan Nugent-Hopkins wins face-off versus Marcel Goc in Avalanche zone.
8:52 of 3rd period - Shot by Ryan Nugent-Hopkins.
8:52 of 3rd period - Shot Misses the Net.
8:54 of 3rd period - Shot by Ryan Nugent-Hopkins.
8:54 of 3rd period - Stopped by Mike Smith without a rebound.
8:55 of 3rd period - Marcel Goc wins face-off versus Mikael Granlund in Avalanche zone.
9:01 of 3rd period - Icing by Kris Letang.
9:02 of 3rd period - Marcel Goc wins face-off versus Mikael Granlund in Kings zone.
9:24 of 3rd period - Shot by Colin Wilson.
9:24 of 3rd period - Stopped by Mike Smith without a rebound.
9:25 of 3rd period - Ryan Nugent-Hopkins wins face-off versus Marcel Goc in Avalanche zone.
9:46 of 3rd period - Shot by Patrick Marleau.
9:46 of 3rd period - Stopped by Mike Smith without a rebound.
9:47 of 3rd period - Mikael Granlund wins face-off versus Marcel Goc in Avalanche zone.
9:50 of 3rd period - Shot by Mikael Granlund.
9:50 of 3rd period - Stopped by Mike Smith without a rebound.
9:51 of 3rd period - Marcel Goc wins face-off versus Ryan Nugent-Hopkins in Avalanche zone.
9:58 of 3rd period - Shot by Sean Monahan.
9:58 of 3rd period - Shot Misses the Net.
10:00 of 3rd period - Shot by Ryan Nugent-Hopkins.
10:00 of 3rd period - Stopped by Mike Smith without a rebound.
10:01 of 3rd period - Mikael Granlund wins face-off versus Marcel Goc in Avalanche zone.
10:04 of 3rd period - Shot by Patrick Marleau.
10:04 of 3rd period - Stopped by Mike Smith with a rebound.
10:12 of 3rd period - Shot by Patrick Marleau.
10:12 of 3rd period - Stopped by Mike Smith without a rebound.
10:13 of 3rd period - Marcel Goc wins face-off versus Ryan Nugent-Hopkins in Avalanche zone.
10:46 of 3rd period - Brian Gionta is hit by Christopher Higgins and loses puck.
10:50 of 3rd period - Icing by Dennis Seidenberg.
10:51 of 3rd period - Mikhail Grabovski wins face-off versus Vincent Lecavalier in Kings zone.
10:51 of 3rd period - Mikhail Grabovski is hit by Ryane Clowe.
11:03 of 3rd period - Shot by Brian Gionta.
11:03 of 3rd period - Shot Blocked by Tyson Barrie.
11:09 of 3rd period - Shot by Mikhail Grabovski.
11:09 of 3rd period - Deflect By Dustin Penner.
11:09 of 3rd period - Shot Blocked by Tyson Barrie.
11:11 of 3rd period - Shot by Mikhail Grabovski.
11:11 of 3rd period - Stopped by Mike Smith without a rebound.
11:12 of 3rd period - Mikael Granlund wins face-off versus Riley Sheahan in Avalanche zone.
12:41 of 3rd period - Shot by Derek Stepan.
12:41 of 3rd period - Shot Misses the Net.
12:53 of 3rd period - Shot by Sami Vatanen.
12:53 of 3rd period - Shot Misses the Net.
12:55 of 3rd period - Shot by Sami Vatanen.
12:55 of 3rd period - Shot Misses the Net.
13:21 of 3rd period - Shot by Markus Granlund.
13:21 of 3rd period - Shot Misses the Net.
13:23 of 3rd period - Shot by Colby Robak.
13:23 of 3rd period - Deflect By Markus Granlund.
13:23 of 3rd period - Stopped by Steve Mason without a rebound.
13:24 of 3rd period - Marcel Goc wins face-off versus Mikhail Grabovski in Kings zone.
13:27 of 3rd period - Shot by Marcel Goc.
13:27 of 3rd period - Shot Misses the Net.
13:29 of 3rd period - Shot by Marcel Goc.
13:29 of 3rd period - Goal by Marcel Goc - Kings : 1 - Avalanche : 1.
13:30 of 3rd period - Marcel Goc wins face-off versus Mikael Granlund in neutral zone.
13:49 of 3rd period - Icing by Victor Bartley.
13:50 of 3rd period - Mikhail Grabovski wins face-off versus Marcel Goc in Avalanche zone.
13:50 of 3rd period - Mikhail Grabovski is hit by Victor Bartley.
13:56 of 3rd period - Shot by Mikhail Grabovski.
13:56 of 3rd period - Shot Misses the Net.
13:58 of 3rd period - Shot by Dustin Penner.
13:58 of 3rd period - Shot Misses the Net.
14:01 of 3rd period - Minor Penalty to Brian Gionta for Boarding.
14:02 of 3rd period - Patrick Marleau wins face-off versus Derek Stepan in Kings zone.
14:02 of 3rd period - Patrick Marleau is hit by Vincent Lecavalier.
14:18 of 3rd period - Icing by Derek Stepan.
14:19 of 3rd period - Derek Stepan wins face-off versus Michal Handzus in Avalanche zone.
14:54 of 3rd period - Shot by Keith Yandle.
14:54 of 3rd period - Shot Misses the Net.
14:56 of 3rd period - Shot by Kevin Shattenkirk.
14:56 of 3rd period - Deflect By Cody Hodgson.
14:56 of 3rd period - Stopped by Steve Mason without a rebound.
14:57 of 3rd period - Christopher Higgins wins face-off versus Mikhail Grabovski in Kings zone.
14:57 of 3rd period - Christopher Higgins is hit by Dennis Seidenberg.
14:59 of 3rd period - Shot by Sami Vatanen.
14:59 of 3rd period - Shot Misses the Net.
15:01 of 3rd period - Shot by Tyson Barrie.
15:01 of 3rd period - Stopped by Steve Mason with a rebound.
15:03 of 3rd period - Shot by Sami Vatanen.
15:03 of 3rd period - Shot Misses the Net.
15:25 of 3rd period - Shot by Tyson Barrie.
15:25 of 3rd period - Stopped by Steve Mason without a rebound.
15:26 of 3rd period - Derek Stepan wins face-off versus Michal Handzus in Kings zone.
16:00 of 3rd period - Shot by Keith Yandle.
16:00 of 3rd period - Stopped by Steve Mason with a rebound.
16:13 of 3rd period - Minor Penalty to Victor Bartley for Holding.
16:14 of 3rd period - Marcel Goc wins face-off versus Ryan Nugent-Hopkins in Avalanche zone.
16:23 of 3rd period - Shot by Kris Letang.
16:23 of 3rd period - Shot Misses the Net.
16:25 of 3rd period - Shot by Kris Letang.
16:25 of 3rd period - Shot Misses the Net.
16:27 of 3rd period - Shot by Kris Letang.
16:27 of 3rd period - Stopped by Mike Smith without a rebound.
16:28 of 3rd period - Mikael Granlund wins face-off versus Christopher Higgins in Avalanche zone.
16:36 of 3rd period - Icing by Mikael Granlund.
16:37 of 3rd period - Sean Monahan wins face-off versus Marcel Goc in Kings zone.
16:54 of 3rd period - Shot by Marcel Goc.
16:54 of 3rd period - Shot Misses the Net.
16:56 of 3rd period - Shot by Colby Robak.
16:56 of 3rd period - Shot Misses the Net.
16:58 of 3rd period - Shot by Christopher Higgins.
16:58 of 3rd period - Shot Misses the Net.
17:00 of 3rd period - Shot by Colby Robak.
17:00 of 3rd period - Stopped by Steve Mason with a rebound.
17:10 of 3rd period - Shot by Christopher Higgins.
17:10 of 3rd period - Stopped by Steve Mason without a rebound.
17:11 of 3rd period - Marcel Goc wins face-off versus Ryan Nugent-Hopkins in Kings zone.
17:20 of 3rd period - Shot by Ryan Nugent-Hopkins.
17:20 of 3rd period - Shot Misses the Net.
17:22 of 3rd period - Shot by Sean Monahan.
17:22 of 3rd period - Stopped by Mike Smith with a rebound.
17:33 of 3rd period - Icing by Colton Sceviour.
17:34 of 3rd period - Derek Stepan wins face-off versus Ryan Nugent-Hopkins in Kings zone.
18:23 of 3rd period - Icing by Tyler Myers.
18:24 of 3rd period - Markus Granlund wins face-off versus Mikhail Grabovski in Kings zone.
18:38 of 3rd period - Icing by Quinton Howden.
18:39 of 3rd period - Michal Handzus wins face-off versus Quinton Howden in Avalanche zone.
19:28 of 3rd period - Minor Penalty to Kevin Shattenkirk for Hooking.
19:28 of 3rd period - Double Minor Penalty to Dustin Penner for Roughing.
19:29 of 3rd period - Ryan Nugent-Hopkins wins face-off versus Derek Stepan in Avalanche zone.
19:41 of 3rd period - Ryan Nugent-Hopkins is hit by Sami Vatanen and loses puck.
Goals for this period are 0 for Kings vs 1 for Avalanche.
Shots for this period are 14 for Kings vs 11 for Avalanche.

Overtime #1


0:01 of 1st overtime period - Derek Stepan wins face-off versus Ryan Nugent-Hopkins in neutral zone.
0:10 of 1st overtime period - Shot by Vincent Lecavalier.
0:10 of 1st overtime period - Shot Misses the Net.
0:12 of 1st overtime period - Shot by Vincent Lecavalier.
0:12 of 1st overtime period - Shot Blocked by Kris Letang.
0:14 of 1st overtime period - Shot by Victor Bartley.
0:14 of 1st overtime period - Stopped by Steve Mason without a rebound.
0:15 of 1st overtime period - Derek Stepan wins face-off versus Ryan Nugent-Hopkins in Kings zone.
0:15 of 1st overtime period - Keith Yandle is hit by Tyler Myers and loses puck.
0:38 of 1st overtime period - Shot by Ryan Nugent-Hopkins.
0:38 of 1st overtime period - Shot Misses the Net.
0:40 of 1st overtime period - Shot by Patrick Marleau.
0:40 of 1st overtime period - Stopped by Mike Smith without a rebound.
0:41 of 1st overtime period - Ryan Nugent-Hopkins wins face-off versus Derek Stepan in Avalanche zone.
1:03 of 1st overtime period - Shot by Ryan Nugent-Hopkins.
1:03 of 1st overtime period - Shot Misses the Net.
1:07 of 1st overtime period - Shot by Patrick Marleau.
1:07 of 1st overtime period - Shot Misses the Net.
1:49 of 1st overtime period - Icing by Christopher Higgins.
1:50 of 1st overtime period - Michal Handzus wins face-off versus Cody Hodgson in Avalanche zone.
2:37 of 1st overtime period - Icing by Keith Yandle.
2:38 of 1st overtime period - Michal Handzus wins face-off versus Cody Hodgson in Avalanche zone.
2:51 of 1st overtime period - Shot by Kris Letang.
2:51 of 1st overtime period - Shot Misses the Net.
3:38 of 1st overtime period - Shot by Patrick Marleau.
3:38 of 1st overtime period - Stopped by Mike Smith without a rebound.
3:39 of 1st overtime period - Derek Stepan wins face-off versus Ryan Nugent-Hopkins in Avalanche zone.
3:39 of 1st overtime period - Derek Stepan is hit by Patrick Marleau.
4:07 of 1st overtime period - Derek Stepan is hit by Ryan Nugent-Hopkins.
4:20 of 1st overtime period - Off-side.
4:21 of 1st overtime period - Ryan Nugent-Hopkins wins face-off versus Derek Stepan in neutral zone.
4:24 of 1st overtime period - Shot by Kris Letang.
4:24 of 1st overtime period - Shot Misses the Net.
Goals for this period are 0 for Kings vs 0 for Avalanche.
Shots for this period are 2 for Kings vs 1 for Avalanche.

ShootOut


5:00 of 1st overtime period - Penalty Shot by Sean Monahan for Kings.
5:00 of 1st overtime period - Stopped by Mike Smith.
5:00 of 1st overtime period - Penalty Shot by Derek Stepan for Avalanche.
5:00 of 1st overtime period - Stopped by Steve Mason.
5:00 of 1st overtime period - Penalty Shot by Mikael Granlund for Kings.
5:00 of 1st overtime period - Stopped by Mike Smith.
5:00 of 1st overtime period - Penalty Shot by Cody Hodgson for Avalanche.
5:00 of 1st overtime period - Shot Misses the Net.
5:00 of 1st overtime period - Penalty Shot by Patrick Marleau for Kings.
5:00 of 1st overtime period - Stopped by Mike Smith.
5:00 of 1st overtime period - Penalty Shot by Scottie Upshall for Avalanche.
5:00 of 1st overtime period - Shot Misses the Net.
5:00 of 1st overtime period - Penalty Shot by Colin Wilson for Kings.
5:00 of 1st overtime period - Goal by Colin Wilson.
5:00 of 1st overtime period - Penalty Shot by Christopher Higgins for Avalanche.
5:00 of 1st overtime period - Goal by Christopher Higgins.
5:00 of 1st overtime period - Penalty Shot by Ryan Nugent-Hopkins for Kings.
5:00 of 1st overtime period - Shot Misses the Net.
5:00 of 1st overtime period - Penalty Shot by Ryane Clowe for Avalanche.
5:00 of 1st overtime period - Stopped by Steve Mason.
5:00 of 1st overtime period - Penalty Shot by Mikhail Grabovski for Kings.
5:00 of 1st overtime period - Stopped by Mike Smith.
5:00 of 1st overtime period - Penalty Shot by Vincent Lecavalier for Avalanche.
5:00 of 1st overtime period - Shot Misses the Net.
5:00 of 1st overtime period - Penalty Shot by Brian Gionta for Kings.
5:00 of 1st overtime period - Shot Misses the Net.
5:00 of 1st overtime period - Penalty Shot by Kevin Shattenkirk for Avalanche.
5:00 of 1st overtime period - Shot Misses the Net.
5:00 of 1st overtime period - Penalty Shot by Colton Sceviour for Kings.
5:00 of 1st overtime period - Goal by Colton Sceviour.
5:00 of 1st overtime period - Penalty Shot by Tyson Barrie for Avalanche.
5:00 of 1st overtime period - Stopped by Steve Mason.


Output by the SimonT Hockey Simulator (STHS) for Stephane Roy -- Original Page W3C XHTML 1.0 Valid
Hockey Simulator - Hockey Simulation - Hockey Manager